 Dungeon Crawl Stone Soup version 0.28-a0-1382-g92835e5c71 (webtiles) character file.

Game seed: 15772996468791153887

2753 browni3141 the Tainter (level 9, -5/48 (51) HPs)
             Began as an Octopode Venom Mage on Jan 1, 2022.
             Was a Follower of Vehumet.
             Slain by a wight (17 damage)
             ... on level 6 of the Dungeon.
             The game lasted 00:20:34 (9212 turns).

browni3141 the Tainter (Octopode Venom Mage)        Turns: 9212, Time: 00:20:35

HP:   -5/48 (51)    AC:  3    Str:  7    XL:     9   Next: 68%
MP:   16/16         EV: 13    Int: 22    God:    Vehumet [*.....]
Gold: 156           SH:  7    Dex: 12    Spells: 5/17 levels left

rFire   . . .      SeeInvis .   q - +0 war axe (elec)
rCold   . . .      Faith    .   l - +2 buckler
rNeg    . . .      Spirit   .   n - +2 hat
rPois   .          Reflect  .   (no amulet)
rElec   .          Harm     .   (no ring)
rCorr   .          Rampage  .   (no ring)
Will    .....                   (no ring)
Stlth   +++.......              (no ring)
HPRegen 0.16/turn               (no ring)
MPRegen 0.15/turn               (no ring)
                                (no ring)
                                (no ring)

@: drained
A: almost no armour, amphibious, 8 rings, camouflage 1, gelatinous body 1,
(nimble swimmer 1), tentacles
a: Renounce Religion


You were on level 6 of the Dungeon.
You worshipped Vehumet.
Vehumet was aware of your devotion.
You visited 1 branch of the dungeon, and saw 7 of its levels.

You collected 276 gold pieces.
You spent 120 gold pieces at shops.

Inventory:

Hand Weapons
 d - a +0 short sword
 q - a +0 war axe of electrocution (weapon)
 r - a +0 dagger of venom
 w - a +0 dire flail of holy wrath
Armour
 g - a +2 hat
 l - a +2 buckler (worn)
 n - a +2 hat (worn)
Jewellery
 b - a ring of protection from cold
 o - a ring of ice
Wands
 A - a wand of charming (10)
Scrolls
 a - 2 scrolls of enchant armour
 e - 2 scrolls of silence
 s - a scroll of vulnerability
 t - a scroll of teleportation
 y - a scroll of magic mapping
Potions
 c - 3 potions of degeneration
 f - a potion of mutation
 h - a potion of attraction
 i - 2 potions of might
 j - 5 potions of curing
 k - a potion of brilliance
 m - a potion of magic {unknown}
 p - 2 potions of lignification {unknown}
 u - a potion of cancellation {unknown}
 v - a potion of heal wounds {unknown}
 x - 2 potions of haste
 z - a potion of resistance {unknown}


   Skills:
 - Level 2.3 Dodging
 - Level 3.2 Stealth
 - Level 4.0 Shields
 + Level 4.9 Spellcasting
 + Level 4.0 Conjurations
 - Level 1.4 Transmutations
 - Level 2.0 Air Magic
 * Level 10.9 Poison Magic
 - Level 5.0 Evocations


You had 5 spell levels left.
You knew the following spells:

 Your Spells              Type           Power      Damage    Failure   Level
a - Sting                 Tmut/Pois      100%       1d8       1%          1
b - Poisonous Vapours     Pois/Air       66%        N/A       1%          2
c - Mephitic Cloud        Conj/Pois/Air  30%        N/A       3%          3
d - Olgreb's Toxic Radia  Pois           52%        N/A       1%          4
e - Static Discharge      Conj/Air       18%        N/A       4%          2

Your spell library contained the following spells:

 Spells                   Type           Power      Damage    Failure   Level
 Sandblast                Erth           10%        2d5       11%         1
 Pain                     Necr           20%        1d5       11%         1
 Corpse Rot               Necr/Air       18%        N/A       11%         2
 Blink                    Tloc           10%        N/A       16%         2
 Lesser Beckoning         Tloc           5%         N/A       30%         3
 Lightning Bolt           Conj/Air       9%         1d21      63%         5
 Agony                    Necr           5%         N/A       96%         5
 Excruciating Wounds      Necr           2%         N/A       96%         5
 Manifold Assault         Tloc           5%         N/A       96%         5
 Maxwell's Capacitive Co  Air            7%         ∞         100%        8


Dungeon Overview and Level Annotations

Branches:
Dungeon (7/15)             Temple (0/1) D:7

Altars:
Trog
Uskayaw
Vehumet

Shops:
D:5 !

Annotations:
D:3 2 transporters, Urgle's ghost, amateur GnFi


Innate Abilities, Weirdness & Mutations

You cannot wear most types of armour.
You are amphibious.
You can wear up to eight rings at the same time.
Your skin changes colour to match your surroundings (Stealth+).
Your rubbery body absorbs attacks. (AC +1, EV +1)
((You are camouflaged when in or above water. (Stealth+)))
You have tentacles for arms and can constrict up to eight enemies at once.


Message History

You constrict the wight.
Your wight hits the wight with a +2 battleaxe of freezing!
The wight is destroyed!
Vehumet accepts your kill.
You can now gain magical power from killing.
Vehumet offers you knowledge of Sandblast.
Your wight closely misses the wight.
The wight hits you from afar with a +0 trident!
Your wight hits the wight with a +2 battleaxe of freezing!
Your wight freezes the wight.
The wight hits you from afar with a +0 trident!
You feel drained.
Your wight closely misses the wight.
Your wight hits the wight with a +2 battleaxe of freezing!
Your wight completely misses the wight.
Unknown command.
The wight hits your wight with a +0 trident.
Your wight barely misses the wight. x2
Your wight hits the wight with a +2 battleaxe of freezing.
Your wight hits the wight with a +2 battleaxe of freezing!
Unknown command.
You closely miss the wight. Your grab misses the wight.
The wight is moderately damaged.
The wight hits you with a +1 vampiric morningstar!
You feel drained.
The wight draws strength from your wounds!
The wight hits your wight with a +0 battleaxe!
The wight hits your wight with a +0 trident!
Your wight is destroyed!
The wight barely misses you.
The wight hits you with a +5 long sword!
* * * LOW HITPOINT WARNING * * *
Unknown command.
You see here a +0 giant club.
There is a stone staircase leading up, spattered with blood here.
Items here: )) [[.
You block the wight's attack.
You climb upwards.
There is a stone staircase leading down here.
The wight hits you with a +1 vampiric morningstar!
You die...

#.........###...................
#...............##..............
#.........##.)..##......#.......
#..........#............#.......
#........#.#...........##.......
#........#.....####.....##......
########..##...# ##....###.....
##.....#######....###....
###....@>..##..#........
##...[z..##.........).
#.#..........#.......
#.#....(...#.#.####..
####.#.....#......##...#
##.#.#.#.#.###........###
#...........#..#.####.###
###.#.#.#.#>#...#.# ##....
#.............#.#.###..###


You could see a wight.

Vanquished Creatures
  Grinder (D:4)
  Sigmund (D:3)
  A steam dragon (D:6)
  Edmund (D:5)
  A water moccasin (D:6)
  A sky beast (D:4)
  3 ice beasts
  A necrophage (D:5)
  2 ogres
  A wyvern zombie (D:6)
  2 scorpions
  A water moccasin skeleton (D:5)
  3 killer bees (D:7)
  9 wights
  A bullfrog zombie (D:6)
  2 jellies (D:6)
  A centaur zombie (D:6)
  3 hounds
  2 orc priests
  A bullfrog skeleton (D:6)
  3 iguanas
  An orc wizard (D:4)
  A killer bee zombie (D:7)
  7 adders
  6 gnolls
  5 worms
  5 dart slugs
  7 orcs
  5 ball pythons
  7 endoplasms
  3 giant cockroaches
  9 goblins
  16 hobgoblins
  4 jackals (D:5)
  4 quokkas
  7 bats
  2 frilled lizards
  8 kobolds
  5 rats
143 creatures vanquished.

Vanquished Creatures (collateral kills)
  A wight (D:7)
  A ball python (D:4)
2 creatures vanquished.

Vanquished Creatures (others)
  A wight (D:7)
  A plant (D:1)
2 creatures vanquished.

Grand Total: 147 creatures vanquished

Notes
Turn   | Place    | Note
-------+----------+-------------------------------------------
     0 | D:1      | browni3141 the Octopode Venom Mage began the quest for the
                  | Orb.
     0 | D:1      | Reached XP level 1. HP: 11/11 MP: 3/3
   149 | D:1      | Reached XP level 2. HP: 17/17 MP: 0/5
   418 | D:1      | Learned a level 2 spell: Poisonous Vapours
  1057 | D:1      | Reached XP level 3. HP: 21/21 MP: 3/6
  1201 | D:1      | Reached skill level 4 in Poison Magic
  1682 | D:2      | Noticed a scorpion
  1690 | D:2      | Killed a scorpion
  1691 | D:2      | Reached skill level 5 in Poison Magic
  1691 | D:2      | Reached XP level 4. HP: 27/27 MP: 0/7
  1909 | D:2      | Noticed a golden eye
  1910 | D:2      | Found a faded altar of an unknown god.
  1917 | D:2      | Noticed a floating eye
  1921 | D:2      | Noticed an eye of devastation
  1921 | D:2      | Noticed a shining eye
  2149 | D:2      | Reached XP level 5. HP: 18/31 MP: 1/8
  2153 | D:2      | Reached skill level 6 in Poison Magic
  2221 | D:2      | Learned a level 3 spell: Mephitic Cloud
  3042 | D:3      | Noticed Sigmund
  3204 | D:3      | Found a transporter.
  3231 | D:3      | Found a transporter.
  3235 | D:3      | Noticed Urgle's ghost (amateur GnFi)
  3248 | D:3      | Noticed an ice beast
  3371 | D:3      | Killed an ice beast
  3372 | D:3      | Reached skill level 1 in Shields
  3372 | D:3      | Reached XP level 6. HP: 18/36 MP: 8/10
  4431 | D:4      | Reached skill level 7 in Poison Magic
  4592 | D:4      | Noticed Grinder
  4597 | D:4      | Paralysed by Grinder for 6 turns
  4824 | D:3      | Killed Sigmund
  4825 | D:3      | Reached XP level 7. HP: 32/41 MP: 1/11
  4927 | D:4      | Found a bloodstained altar of Trog.
  5070 | D:4      | Learned a level 4 spell: Olgreb's Toxic Radiance
  5312 | D:4      | Reached skill level 8 in Poison Magic
  5936 | D:4      | Killed Grinder
  5937 | D:4      | Reached skill level 1 in Evocations
  5937 | D:4      | Reached XP level 8. HP: 46/46 MP: 12/12
  6021 | D:5      | Entered Level 5 of the Dungeon
  6024 | D:5      | Reached skill level 1 in Conjurations
  6024 | D:5      | Reached skill level 1 in Air Magic
  6089 | D:5      | Noticed Edmund
  6099 | D:5      | Killed Edmund
  6293 | D:5      | Found a radiant altar of Vehumet.
  6304 | D:5      | Became a worshipper of Vehumet
  6331 | D:5      | Found Qiufinae's Distillery.
  6339 | D:5      | Bought a potion of haste for 120 gold pieces
  7051 | D:5      | Found a hide-covered altar of Uskayaw.
  7315 | D:6      | Reached skill level 9 in Poison Magic
  7657 | D:6      | Reached XP level 9. HP: 51/51 MP: 13/15
  8143 | D:6      | Reached skill level 10 in Poison Magic
  8143 | D:6      | Reached skill level 5 in Evocations
  8580 | D:6      | Learned a level 2 spell: Static Discharge
  8584 | D:7      | Found a staircase to the Ecumenical Temple.
  9200 | D:7      | Reached * piety under Vehumet
  9200 | D:7      | Offered knowledge of Sandblast by Vehumet.
  9212 | D:6      | Slain by a wight

Illustrated notes

Levels and vault maps discovered:
D:1:      minmay_arrival_solitary_statue, layout_basic, serial_forest,
          infiniplex_forest_end_1, infiniplex_forest_lined_3_way,
          infiniplex_forest_straight_4, infiniplex_forest_diagonal,
          infiniplex_forest_lined_corner, infiniplex_forest_end_2,
          infiniplex_forest_straight_1, serial_bayou_pond_a,
          minmay_misc_feat_ornament
D:2:      layout_loops_ring, hellmonk_ecumenical_altar_watching_god,
          minmay_misc_feat_tiny, minmay_unequal
D:3:      layout_basic, gammafunk_ghost_stat_death, kennysheep_generic_room_2,
          uniq_sigmund
D:4:      layout_loops_corners, mainiacjoe_overflow_surrounded_room,
          chequers_serial_rivers_micro_a, minmay_stone_trees_medium,
          minmay_goblin_kobold_house, uniq_grinder
D:5:      cheibrodos_iron_armory, layout_rooms, mainiacjoe_overflow_paths,
          mainiacjoe_overflow_boulevard, serial_shops, nicolae_shop_trees,
          uniq_edmund
D:6:      layout_rooms, st_stairs_11
D:7:      layout_rooms, zin_treasury, minmay_temple_entry_slanted,
          nicolae_figureground_pulse

Skill      XL: |  1  2  3  4  5  6  7  8  9 |
---------------+----------------------------+-----
Stealth        | 3 |  3.2
Poison Magic   | 5 6 7 8 9 10 | 10.9
Shields        | 1 3 4 |  4.0
Spellcasting   | 3 4 |  4.9
Evocations     | 1 4 5 |  5.0
Conjurations   | 2 4 |  4.0
Air Magic      | 2 |  2.0
Dodging        | |  2.3
Transmutations | |  1.4

Action                   |  1- 3 |  4- 6 |  7- 9 || total
-------------------------+-------+-------+-------++-------
Melee: Unarmed           |     8 |       |       ||     8
       Tentacles         |     4 |     6 |    13 ||    23
       Short sword       |    19 |    55 |     9 ||    83
       Constrict         |    10 |    17 |    17 ||    44
       War axe           |       |       |    93 ||    93
 Cast: Sting             |    44 |    57 |    30 ||   131
       Poisonous Vapours |     2 |    11 |     5 ||    18
       Mephitic Cloud    |       |     2 |     4 ||     6
       Olgreb's Toxic Ra |       |       |     9 ||     9
       Static Discharge  |       |       |     9 ||     9
Evoke: Wand              |       |     6 |    49 ||    55
  Use: Scroll            |       |     6 |     6 ||    12
 Stab: Sleeping          |     1 |     3 |     9 ||    13
       Confused          |       |     2 |       ||     2
Armor: Skin              |     4 |    10 |    13 ||    27
Dodge: Dodged            |    27 |    71 |    77 ||   175
Block: Buckler           |       |     8 |    52 ||    60

Table legend: (Time is in decaauts)
 A = Elapsed time spent in this place.
 B = Non-inter-level travel time spent in this place.
 C = Inter-level travel time spent in this place.
 D = Time resting spent in this place.
 E = Time spent auto-exploring this place.
 F = Levels seen in this place.
 G = Mean time per level.
                   A        B        C        D        E       F      G
               +--------+--------+--------+--------+--------+-----+--------+
         Total |   9271 |   8974 |    297 |   1406 |   5787 |   7 | 1324.4 |
       Dungeon |   9271 |   8974 |    297 |   1406 |   5787 |   7 | 1324.4 |
               +--------+--------+--------+--------+--------+-----+--------+

Top non-repeatable levels by time:
     D:4: 2162 daAuts
     D:2: 1514 daAuts
     D:1: 1447 daAuts
     D:5: 1282 daAuts
     D:3: 1210 daAuts
     D:6: 1061 daAuts
     D:7: 591 daAuts
